 Dungeon Crawl Stone Soup version 0.20.1-1-g8b1a95d (webtiles) character file.

172 Irenicus the Tainter (level 5, -2/42 HPs)
             Began as a Naga Venom Mage on Nov 14, 2017.
             Slain by a gnoll
             ... wielding a +0 spear
              (8 damage)
             ... on level 3 of the Dungeon.
             The game lasted 00:09:43 (1089 turns).

Irenicus the Tainter (Naga Venom Mage)              Turns: 1089, Time: 00:09:44

Health: -2/42      AC:  4    Str:  7 (10) XL:     5   Next: 53%
Magic:  0/8        EV:  9    Int: 13 (15) God:
Gold:   81         SH:  0    Dex: 12 (13) Spells: 4/8 levels left

rFire    . . .     SeeInvis +   (no weapon)
rCold    . . .     Gourm    +   (no shield)
rNeg     . . .     Faith    .   o - +0 leather armour
rPois    +         Spirit   .   e - +0 helmet
rElec    .         Reflect  .   (no cloak)
rCorr    .         Harm     .   (no gloves)
MR       +....                  (no barding)
Stlth    ++........             r - amulet of the gourmand
Regen    0.2/turn               t - ring of protection from magic
MPRegen  0.2/turn               (no ring)

@: very slow
A: see invisible, deformed body, poison resistance, slowness 2, slow metabolism
1, spit poison 1, AC +1
a: Spit Poison


You were on level 3 of the Dungeon.
You were hungry.

You visited 1 branch of the dungeon, and saw 3 of its levels.

You collected 81 gold pieces.

Inventory:

Missiles
 p - 2 steel javelins (quivered)
Armour
 e - a +0 helmet (worn)
 o - a +0 leather armour (worn)
Jewellery
 r - an amulet of the gourmand (around neck)
 t - a ring of protection from magic (left hand)
Wands
 d - a wand of digging (10/24)
Scrolls
 a - a scroll of immolation {unknown}
 g - 3 scrolls of teleportation
 h - a scroll of random uselessness {unknown}
 i - a scroll of remove curse {unknown}
 j - 3 scrolls of identify {unknown}
Potions
 f - a potion of agility {unknown}
 k - a potion of invisibility {unknown}
 l - a potion of degeneration
 q - a potion of haste
 s - a potion of lignification {unknown}
Books
 b - a Young Poisoner's Handbook

   Spells                             Type                      Level
   a - Sting                          Conjuration/Poison           1
   b - Poisonous Vapours              Poison/Air                   2
   c - Mephitic Cloud                 Conjuration/Poison/Air       3
   d - Olgreb's Toxic Radiance        Poison                       4
   e - Venom Bolt                     Conjuration/Poison           5
Comestibles
 c - a bread ration
 m - 2 meat rations
 n - a royal jelly


   Skills:
 - Level 1.5 Dodging
 - Level 3.0 Stealth
 - Level 2.0 Spellcasting
 - Level 1.0 Conjurations
 + Level 8.0 Poison Magic


You had 4 spell levels left.
You knew the following spells:

 Your Spells              Type           Power        Failure   Level  Hunger
a - Sting                 Conj/Pois      ##..         6%          1    ##.....
b - Mephitic Cloud        Conj/Pois/Air  #.......     32%         3    ####...


Dungeon Overview and Level Annotations

Branches:
Dungeon (3/15)

Altars:
Zin

Annotations:
D:2 Robin


Innate Abilities, Weirdness & Mutations

You cannot wear boots.
Your serpentine skin is tough. (AC +1)
You have supernaturally acute eyesight. (SInv)
Armour fits poorly on your strangely shaped body.
Your system is resistant to poisons. (rPois)
You cover ground very slowly.
You have a slow metabolism.
You can spit poison.


Message History

The gnoll hits you with a spear.
* * * LOW HITPOINT WARNING * * *
You hit the gnoll but do no damage.
The gnoll is severely wounded.
The gnoll barely misses you.
Casting: Sting
Confirm with . or Enter, or press ? or * to list all spells.
Aiming: Sting
Press: ? - help, Shift-Dir - straight line, f/p - gnoll
Aim: a gnoll, wielding a spear (severely wounded)
The sting hits the gnoll.
The gnoll is almost dead.
The gnoll hits you with a spear.
* * * LOW HITPOINT WARNING * * *
It was a potion of degeneration.
There was something very wrong with that liquid.
You feel weakened.
You feel dopey.
You feel clumsy.
You have got your breath back.
The gnoll hits you with a spear!
You die...

.#######.#....#####..#.....
......##.#................
...##.##.#..#.##.......#
#..##...รท...#.####....##
##.#####..............#####
#.........#.#.####.........
#.....#.###.#.# #...#####.
#..#........#.####.........
#..####.#####...@g..######.
#..##...# ######.......g
#.###.#<### ####.....
...##.#...# .....
...##.#.#.# . .... ......
.>....#.#.# ..# .... ..#.#.
.#.####.#.#..... ### #.#.#.
.......$......). ##.#.#.
##.#.##.#.#...#. ..#...


You could see a gnoll.

Vanquished Creatures
  Natasha (thrice) (D:2)
  2 adders
  3 gnolls (D:3)
  2 worms (D:2)
  A dart slug (D:2)
  5 bats
  2 giant cockroaches
  9 goblins
  3 hobgoblins
  3 jackals (D:3)
  4 kobolds
  10 rats
47 creatures vanquished.

Notes
Turn   | Place    | Note
-------+----------+-------------------------------------------
     0 | D:1      | Irenicus the Naga Venom Mage began the quest for the Orb.
     0 | D:1      | Reached XP level 1. HP: 15/15 MP: 3/3
   190 | D:1      | Reached XP level 2. HP: 17/22 MP: 3/5
   356 | D:2      | Reached skill level 5 in Poison Magic
   380 | D:2      | Reached XP level 3. HP: 25/28 MP: 1/6
   398 | D:2      | Noticed Natasha
   409 | D:2      | Killed Natasha
   409 | D:2      | Reached skill level 6 in Poison Magic
   486 | D:2      | Learned a level 3 spell: Mephitic Cloud
   496 | D:2      | Noticed Natasha
   504 | D:2      | Killed Natasha
   504 | D:2      | Reached XP level 4. HP: 25/36 MP: 1/7
   522 | D:2      | Found a glowing silver altar of Zin.
   541 | D:2      | Noticed Robin
   618 | D:2      | Noticed Natasha
   652 | D:2      | Killed Natasha
   652 | D:2      | Reached skill level 7 in Poison Magic
   652 | D:2      | Reached XP level 5. HP: 21/42 MP: 4/8
  1020 | D:3      | Noticed a hippogriff
  1079 | D:3      | Reached skill level 8 in Poison Magic
  1089 | D:3      | Slain by a gnoll

Skill      XL: |  1  2  3  4  5 |
---------------+----------------+-----
Poison Magic   | 5 6 7 8 |  8.0
Dodging        | |  1.5
Stealth        | |  3.0
Spellcasting   | |  2.0
Conjurations   | |  1.0

Action                   |  1- 3 |  4- 6 || total
-------------------------+-------+-------++-------
Melee: Unarmed           |     5 |     7 ||    12
 Cast: Sting             |    25 |    55 ||    80
 Abil: Spit Poison       |    14 |    18 ||    32
  Use: Potion            |       |     3 ||     3
       Scroll            |       |     1 ||     1
  Eat: Chunk             |       |     3 ||     3
Armor: Robe              |     3 |       ||     3
       Leather armour    |       |    20 ||    20
Dodge: Dodged            |    11 |    26 ||    37
